 Dungeon Crawl Stone Soup version 0.31.0-32-g396128a36d (webtiles) character file.

Game seed: 16681522788676437031

9425 spaghetti the Basher (level 11, -4/80 HPs)
             Began as a Demonspawn Chaos Knight on Mar 22, 2024.
             Was a Plaything of Xom.
             Killed from afar by an ophan (36 damage)
             ... with a bolt of fire
             ... on level 2 of the Abyss.
             The game lasted 00:16:19 (8442 turns).

spaghetti the Basher (Demonspawn Chaos Knight)      Turns: 8442, Time: 00:16:20

Health: -4/80      AC: 39    Str: 23    XL:     11   Next: 22%
Magic:  9/11       EV:  6    Int: 16    God:    Xom [..*...]
Gold:   2336       SH:  0    Dex: 11    Spells: 10/10 levels left

rFire   . . .        D - +0 demon whip (venom)
rCold   . . .        (no shield)
rNeg    . . .        E - +14 crystal plate armour of Xom's Inspiration {rElec Regen+}
rPois   .            (helmet restricted)
rElec   +            (no cloak)
rCorr   .            r - +1 pair of gloves
SInv    .            y - +0 pair of boots
Will    .....        (no amulet) Stlth
                     j - +6 ring of strength
HPRegen 1.93/turn    (no ring)
MPRegen 0.12/turn

%: no passive effects
@: glowing
A: antennae 2, icy blue scales 2, powered by death 1, powered by pain 2, claws
1, hooves 1, clever 1, regeneration 1, strong 1, wild magic 1, persistent drain,
[dopey 1]
a: Renounce Religion


You were on level 2 of the Abyss.
You worshipped Xom.
You were a toy of Xom.
You visited 1 branch of the dungeon, and saw 10 of its levels.
You visited the Abyss 1 time.
You also visited: Sewer and Bailey.

You collected 2392 gold pieces.
You spent 56 gold pieces at shops.

Inventory:

Hand Weapons
 a - a +0 heavy mace
 e - a +1 whip of electrocution
 C - a +0 morningstar of protection
 D - a +0 demon whip of venom (weapon)
Missiles
 d - a throwing net (quivered)
Armour
 b - a +2 leather armour
 i - the +0 ring mail of the Sailor {rElec Str-3 Slay+6 Stlth+}
   (You found it on level 5 of the Dungeon)

   Str-3:     It affects your strength (-3).
   Slay+6:    It affects your accuracy & damage with ranged weapons and melee
   (+6).
   rElec:     It insulates you from electricity.
   Stlth+:    It makes you more stealthy.
 r - a +1 pair of gloves (worn)
 y - a +0 pair of boots (worn)
 E - the +14 crystal plate armour of Xom's Inspiration (worn) {rElec Regen+}
   (You acquired it on level 10 of the Dungeon)

   rElec:     It insulates you from electricity.
   Regen+:    It increases your rate of health regeneration.
Jewellery
 j - a +6 ring of strength (left hand)
 l - a ring of magical power
Wands
 m - a wand of roots (4)
 u - a wand of polymorph (15)
 v - a wand of digging (10)
 F - a wand of charming (5)
Scrolls
 c - a scroll of butterflies
 f - 3 scrolls of poison
 g - a scroll of amnesia
 k - a scroll of silence
 o - 2 scrolls of fear
 q - 5 scrolls of fog
 t - a scroll of blinking
 x - a scroll of noise
 z - a scroll of vulnerability
 A - a scroll of enchant armour
Potions
 h - a potion of cancellation
 n - 2 potions of heal wounds
 p - 2 potions of enlightenment
 s - a potion of brilliance
 w - 4 potions of curing
Miscellaneous
 B - a tin of tremorstones (2/2)


   Skills:
 + Level 5.3 Fighting
 - Level 12.0 Maces & Flails
 + Level 7.7 Armour
 + Level 7.4 Dodging


You had 10 spell levels left.
You didn't know any spells.
Your spell library contained the following spells:

 Spells                   Type           Power      Damage    Failure   Level
 Call Imp                 Summ           0%         N/A       100%        2
 Lesser Beckoning         Tloc           0%         N/A       100%        2
 Gell's Gravitas          Tloc           0%         N/A       100%        3
 Teleport Other           Tloc           0%         N/A       100%        3
 Volatile Blastmotes      Fire/Tloc      0%         2d10      100%        3
 Animate Armour           Summ/Erth      0%         N/A       100%        4
 Fulminant Prism          Conj/Alch      0%         3d5       100%        4
 Iskenderun's Mystic Bla  Conj/Tloc      0%         2d3       100%        4
 Summon Hydra             Summ           0%         N/A       100%        7


Dungeon Overview and Level Annotations

Branches:
Dungeon (10/15)            Temple (0/1) D:4            Lair (0/5) D:9
  Sewer (visited)          Bailey (visited)
    Orc: D:9-12

Altars:
Fedhas
Hepliaklqana
Makhleb
Nemelex Xobeh
Ru
Trog
Vehumet
Xom

Shops:
D:2 ?   D:3 [   D:5 (


Innate Abilities, Weirdness & Mutations

You have a pair of antennae on your head.
You are mostly covered in icy blue scales. (AC +3)
You regenerate a little health from kills.
You sometimes gain power by taking damage.
You have sharp fingernails.
You have large cloven feet.
Your mind is acute. (Int +4, Str/Dex -1)
Your natural rate of healing is unusually fast.
Your muscles are strong. (Str +4, Int/Dex -1)
Your spells are a little harder to cast, but a little more powerful.
Your health recovers twice as slowly from being drained.
[You are dopey. (Int -2)]


Message History

Unknown command.
Unknown command.
You whack the ophan!
The ophan looks as sick as possible!
The ophan is severely wounded.
You closely miss the ophan.
The ophan is severely wounded.
The spatial maelstrom is engulfed in blessed fire.
The spatial maelstrom hits you but does no damage. x2
The neqoxec hits you but does no damage.
You whack the ophan!
The ophan looks as sick as possible!
The ophan is severely wounded.
The spatial maelstrom is engulfed in blessed fire.
The spatial maelstrom hits you but does no damage.
The spatial maelstrom hits you. Space warps around you.
You barely miss the ophan.
The ophan is almost dead.
The spatial maelstrom is engulfed in blessed fire.
The spatial maelstrom hits you.
You blink.
Unknown command.
Unknown command.
Aiming: Charm
Press: ? - help, Shift-Dir - straight line
Okay, then.
You feel much better.
The ophan harnesses the cleansing power of fire!
The bolt of fire hits you! The neqoxec gestures at you.
Something gnaws on your mind!
You feel your power leaking away.
The spatial maelstrom is engulfed in blessed fire.
The ophan harnesses the cleansing power of fire!
The bolt of fire hits you but does no damage.
The bolt of fire hits you!
A spatial vortex comes into view.
A wretched star comes into view.
The neqoxec hits you!
The ophan harnesses the cleansing power of fire!
The bolt of fire hits you!!!
You die...
Xom laughs nastily!

### .. { . #* ##
... #.# #.#....
#..##.#..... ##
#........... ...
#....##.##.# #
##.####@....#. #
## ##....vG3......
#..####.§.v..#....
# ##
.#...##..v..#... .
.##....#§§##..##..
# # # # .#.#####
...##. #. ..#.# ..
..## ##... # ##.
.## #. # #.55.. .


You could see an ophan (extremely poisoned), a spatial maelstrom, a wretched
star, 2 spatial vortices and a neqoxec.

Vanquished Creatures
  A thrashing horror (Abyss:2)
  Amaemon (D:8)
  An orc knight (Bailey)
  2 starcursed masses (Abyss:2)
  A large abomination (Abyss:2)
  An orange demon (D:8)
  A kobold demonologist (D:9)
  Grinder (D:4)
  2 wyverns (D:7)
  3 fire bats (Abyss:2)
  6 yaks
  A steam dragon (D:8)
  A small abomination (Abyss:2)
  2 acid dragons (D:9)
  A water moccasin (D:4)
  7 orc warriors (Bailey)
  An ice beast (D:6)
  2 sky beasts
  3 black bears
  A phantom (D:5)
  A centaur (D:7)
  2 kobold brigands
  5 bullfrogs
  Blork the orc (D:4)
  3 scorpions
  4 wights (D:8)
  16 killer bees
  A howler monkey (D:8)
  5 hounds
  A jelly (D:6)
  3 gnoll boudas
  4 orc priests
  A sleepcap (D:5)
  Jessica (D:3)
  3 iguanas
  Natasha (twice) (D:4)
  7 orc wizards
  6 gnolls
  7 adders
  A river rat (D:3)
  A shadow imp (D:5)
  2 white imps
  An ufetubus (D:6)
  3 dart slugs
  9 ribbon worms
  55 orcs
  13 ball pythons
  13 endoplasms
  4 giant cockroaches
  3 hobgoblins
  2 jackals (D:1)
  4 quokkas
  5 bats
  A frilled lizard (D:2)
  10 goblins
  15 kobolds
  14 rats
268 creatures vanquished.

Vanquished Creatures (collateral kills)
  A water moccasin (D:9)
  A phantom (D:4)
  A starcursed mass (Abyss:2)
  A gnoll (D:7)
  A ribbon worm (D:3)
5 creatures vanquished.

Vanquished Creatures (others)
  2 gnolls (D:8)
2 creatures vanquished.

Grand Total: 275 creatures vanquished

Notes
Turn   | Place    | Note
-------+----------+-------------------------------------------
     0 | D:1      | spaghetti the Demonspawn Chaos Knight began the quest for
                  | the Orb.
     0 | D:1      | Reached XP level 1. HP: 18/18 MP: 1/1
    81 | D:1      | Reached skill level 3 in Maces & Flails
    81 | D:1      | Gained mutation: You have a pair of small antennae on your
                  | head. [demonic ancestry]
    81 | D:1      | Reached XP level 2. HP: 16/24 MP: 2/2
   306 | D:1      | XOM: divination: detect items
   636 | D:1      | Gained mutation: You sometimes gain a little power by
                  | taking damage. [demonic ancestry]
   636 | D:1      | Reached XP level 3. HP: 24/29 MP: 3/3
   952 | D:2      | XOM: noise
  1026 | D:2      | XOM: god gift: 863 gold pieces
  1142 | D:2      | Found Lucew's Magic Scroll Shoppe.
  1150 | D:2      | Bought a scroll of identify for 28 gold pieces
  1150 | D:2      | Bought a scroll of identify for 28 gold pieces
  1232 | D:2      | Reached skill level 4 in Maces & Flails
  1349 | D:2      | Gained mutation: You are partially covered in icy blue
                  | scales. (AC +2) [demonic ancestry]
  1349 | D:2      | Reached XP level 4. HP: 22/35 MP: 4/4
  1421 | D:2      | XOM: noise
  1453 | D:2      | XOM: scenery: create altars
  1921 | D:3      | Found Punub's Antique Armour Emporium.
  1930 | D:3      | Noticed Jessica
  1932 | D:3      | XOM: noise
  1935 | D:3      | Killed Jessica
  2001 | D:3      | Found a sacrificial altar of Ru.
  2072 | D:3      | XOM: scenery: 2 doors close
  2077 | D:3      | Reached skill level 5 in Maces & Flails
  2077 | D:3      | Gained mutation: You regenerate a little health from kills.
                  | [demonic ancestry]
  2077 | D:3      | Reached XP level 5. HP: 41/41 MP: 5/5
  2162 | D:3      | XOM: silly message
  2297 | D:3      | Found a glowing drain.
  2316 | D:3      | XOM: summons friendly quasit
  2346 | Sewer    | Entered a sewer
  2621 | Sewer    | XOM: confuse monster(s)
  2667 | Sewer    | Reached skill level 6 in Maces & Flails
  2667 | Sewer    | Reached XP level 6. HP: 30/47 MP: 6/6
  2693 | Sewer    | XOM: silly message
  3004 | D:4      | XOM: stealth player
  3055 | D:4      | Noticed a water moccasin
  3060 | D:4      | XOM: enchant monster (good)
  3063 | D:4      | Killed a water moccasin
  3088 | D:4      | Noticed Natasha
  3092 | D:4      | Killed Natasha
  3140 | D:4      | Found a staircase to the Ecumenical Temple.
  3140 | D:4      | XOM: summons friendly shadow imp
  3147 | D:4      | Reached skill level 7 in Maces & Flails
  3147 | D:4      | Gained mutation: You sometimes gain power by taking damage.
                  | [demonic ancestry]
  3147 | D:4      | Reached XP level 7. HP: 51/52 MP: 7/7
  3187 | D:4      | XOM: divination: magic mapping
  3322 | D:4      | Noticed Blork the orc
  3326 | D:4      | Noticed Natasha
  3329 | D:4      | XOM: confuse monster(s)
  3330 | D:4      | XOM: smoke on damage
  3335 | D:4      | XOM: cast spell 'Animate Armour'
  3338 | D:4      | Killed Blork the orc
  3344 | D:4      | Killed Natasha
  3651 | D:4      | Noticed Grinder
  3653 | D:4      | XOM: enchant monster (good)
  3680 | D:4      | Killed Grinder
  3681 | D:4      | Reached skill level 8 in Maces & Flails
  3762 | D:4      | XOM: blink monster(s)
  3997 | D:4      | Found a sparkling altar of Nemelex Xobeh.
  4043 | D:5      | Entered Level 5 of the Dungeon
  4100 | D:5      | Found a bloodstained altar of Trog.
  4104 | D:5      | Found a radiant altar of Vehumet.
  4120 | D:5      | XOM: snakes to sticks
  4123 | D:5      | Gained mutation: Your natural rate of healing is unusually
                  | fast. [potion of mutation]
  4123 | D:5      | Gained mutation: You have large cloven feet. [potion of
                  | mutation]
  4123 | D:5      | Gained mutation: Your movements are slightly less
                  | encumbered by armour. (ER -2) [potion of mutation]
  4144 | D:5      | Identified the +0 ring mail of the Sailor {rElec Str-3
                  | Slay+6 Stlth+}
  4221 | D:5      | Gained mutation: You have a pair of antennae on your head.
                  | [demonic ancestry]
  4221 | D:5      | Reached XP level 8. HP: 58/58 MP: 8/8
  4326 | D:5      | Found a burning altar of Makhleb.
  4332 | D:5      | Reached skill level 9 in Maces & Flails
  4339 | D:5      | XOM: 6-stop teleportation journey
  4382 | D:5      | Found a blossoming altar of Fedhas.
  4400 | D:5      | XOM: enchant monster (good)
  4401 | D:5      | XOM: confuse monster(s)
  4448 | D:5      | Got Unigry's Monograph on Production
  4450 | D:5      | Found Igokk's Weapon Boutique.
  4476 | D:5      | XOM: divine lightning
  4941 | D:6      | XOM: 1-stop teleportation journey
  4944 | D:6      | XOM: enchant monster (good)
  4948 | D:6      | Reached skill level 10 in Maces & Flails
  5022 | D:6      | XOM: noise
  5068 | D:6      | XOM: noise
  5069 | D:6      | XOM: give mutations
  5069 | D:6      | Gained mutation: Your mind is acute. (Int +4, Str/Dex -1)
                  | [Xom's mischief]
  5069 | D:6      | Gained mutation: Your health recovers twice as slowly from
                  | being drained. [Xom's mischief]
  5069 | D:6      | Lost mutation: Your movements are slightly less encumbered
                  | by armour. (ER -2) [Xom's mischief]
  5069 | D:6      | Gained mutation: You have sharp fingernails. [Xom's
                  | mischief]
  5076 | D:6      | XOM: confusion (+ monsters)
  5078 | D:6      | XOM: enchant monster (good)
  5241 | D:7      | XOM: noise
  5358 | D:7      | Reached skill level 11 in Maces & Flails
  5358 | D:7      | Reached XP level 9. HP: 64/64 MP: 9/9
  5533 | D:7      | Found a shimmering altar of Xom.
  5555 | D:7      | XOM: divination: magic mapping
  5622 | D:7      | XOM: noise
  5720 | D:7      | Found a flagged portal.
  5738 | Bailey   | Entered a bailey
  5751 | Bailey   | Reached skill level 1 in Dodging
  5943 | Bailey   | Noticed an orc knight
  5943 | Bailey   | Noticed an orc knight
  5973 | Bailey   | XOM: confuse monster(s)
  6002 | Bailey   | an orc knight changed into a redback
  6003 | Bailey   | XOM: summons 5 hostile demons
  6004 | Bailey   | Noticed a soul eater
  6035 | Bailey   | XOM: give mutations
  6035 | Bailey   | Gained mutation: Your muscles are strong. (Str +4, Int/Dex
                  | -1) [Xom's mischief]
  6035 | Bailey   | Gained mutation: Your spells are a little harder to cast,
                  | but a little more powerful. [Xom's mischief]
  6053 | Bailey   | Killed an orc knight
  6107 | Bailey   | XOM: summons 4 hostile demons
  6153 | D:7      | Acquired 685 gold pieces
  6249 | D:7      | XOM: divination: detect creatures
  6444 | D:7      | Found a hazy altar of Hepliaklqana.
  6507 | D:8      | Gained mutation: You are mostly covered in icy blue scales.
                  | (AC +3) [demonic ancestry]
  6507 | D:8      | Reached XP level 10. HP: 66/70 MP: 10/10
  6518 | D:7      | XOM: summons friendly ufetubus
  6651 | D:7      | Reached skill level 12 in Maces & Flails
  6762 | D:7      | Reached skill level 5 in Armour
  6780 | D:8      | Reached skill level 5 in Dodging
  6872 | D:8      | XOM: blink monster(s)
  6877 | D:8      | XOM: scenery: create altars
  7290 | D:8      | Noticed Amaemon
  7290 | D:8      | Noticed an orange demon
  7292 | D:8      | XOM: fog
  7306 | D:8      | Killed Amaemon
  7320 | D:8      | Killed an orange demon
  7489 | D:9      | XOM: divination: magic mapping
  7491 | D:9      | XOM: divination: detect creatures
  7494 | D:9      | XOM: swap monsters
  7751 | D:9      | Found a staircase to the Lair.
  7779 | D:9      | XOM: scenery: create altars
  7866 | D:9      | XOM: cast spell 'Summon Dragon'
  8103 | D:10     | Entered Level 10 of the Dungeon
  8141 | D:10     | XOM: god gift: scroll of acquirement
  8143 | D:10     | Acquired the +14 crystal plate armour of Xom's Inspiration
                  | {rElec Regen+}
  8193 | D:10     | Noticed an occultist
  8193 | D:10     | Noticed a cyclops
  8194 | D:10     | Noticed a tengu warrior
  8195 | D:10     | Noticed a cyclops
  8205 | Abyss:2  | Found a corrupted altar of Lugonu.
  8205 | Abyss:2  | Cast into level 2 of the Abyss (an occultist)
  8235 | Abyss:2  | Found a corrupted altar of Lugonu.
  8290 | Abyss:2  | Reached XP level 11. HP: 71/78 MP: 11/11
  8291 | Abyss:2  | XOM: confuse monster(s)
  8302 | Abyss:2  | Noticed a wretched star
  8313 | Abyss:2  | Noticed a starcursed mass
  8319 | Abyss:2  | Noticed a thrashing horror
  8345 | Abyss:2  | XOM: smoke on damage
  8346 | Abyss:2  | Killed a thrashing horror
  8366 | Abyss:2  | XOM: summons friendly iron imp
  8368 | Abyss:2  | Killed a starcursed mass
  8369 | Abyss:2  | Reached skill level 5 in Fighting
  8425 | Abyss:2  | Noticed a spatial maelstrom
  8426 | Abyss:2  | Noticed an ophan
  8430 | Abyss:2  | XOM: divine lightning
  8432 | Abyss:2  | XOM: potion effect (heal wounds)
  8442 | Abyss:2  | Noticed a wretched star
  8442 | Abyss:2  | Killed from afar by an ophan

Illustrated notes

Levels and vault maps discovered:
D:1:      dpeg_arrival_castle, layout_basic, minivault_27
D:2:      layout_loops_ring, serial_shops, shop
D:3:      kennysheep_big_flooded_room, layout_rooms,
          mainiacjoe_overflow_alcove_4, portal_sewer_entry_b, serial_shops,
          nicolae_shop_hallway_plus, minmay_between, uniq_jessica
D:4:      layout_loops_cross, nemelex_dance_club_becter, elyvilon_altar_1,
          minmay_temple_entry_junction, kennysheep_crisscross,
          uniq_blork_the_orc, uniq_natasha, uniq_grinder
D:5:      layout_loops_cross, fedhas_altar_2, mainiacjoe_overflow_paths,
          makhleb_blood_cavern_becter, grunt_temple_overflow_open,
          kennysheep_small_circle
D:6:      minmay_polygon_palace, layout_loops_corners
D:7:      layout_loops_ring, nicolae_hepliaklqana_hippocampus,
          nicolae_overflow_hidden_temple, enter_bailey_5, minivault_19
D:8:      layout_basic, uniq_amaemon
D:9:      layout_long_grid, old_standard_altar, lair_entry_dummy
D:10:     layout_loops_ring, overflow_temple_1_default, david_orc_1_choice,
          minmay_statues_item, minmay_radiant, uniq_urug
Abyss:2:  base: D:3, base:
D:4

Skill      XL: |  1  2  3  4  5  6  7  8  9 10 11 |
---------------+----------------------------------+-----
Maces & Flails | 3 4 5 6 7 8 11 12 | 12.0
Armour         | 4 7 |  7.7
Dodging        | 4 7 |  7.4
Fighting       | 4 5 |  5.3

Action                     |  1- 3 |  4- 6 |  7- 9 | 10-12 || total
---------------------------+-------+-------+-------+-------++-------
  Melee: Whip              |   134 |   274 |   394 |   138 ||   940
         Mace              |    10 |       |       |       ||    10
         Punch             |       |     4 |     7 |     5 ||    16
         Demon whip        |       |       |       |   177 ||   177
  Throw: Throwing net      |       |       |     2 |       ||     2
  Evoke: Wand              |       |       |     1 |       ||     1
         Tin of tremorston |       |       |     1 |       ||     1
    Use: Scroll            |     1 |    10 |     5 |     2 ||    18
         Potion            |       |       |     9 |     4 ||    13
   Stab: Paralysed         |     1 |     3 |       |       ||     4
         Sleeping          |       |     1 |    10 |       ||    11
         Confused          |       |       |     1 |       ||     1
         Held in net/web   |       |       |     1 |       ||     1
 Armour: Leather armour    |    59 |   110 |    67 |       ||   236
         Ring mail         |       |       |   161 |   129 ||   290
         Skin              |       |       |     5 |       ||     5
         Crystal plate arm |       |       |       |    80 ||    80
  Dodge: Dodged            |    76 |   142 |   170 |   155 ||   543
